 Dungeon Crawl Stone Soup version 0.23.2-1-ga50397a (webtiles) character file.

Game seed: 16312897122041805537

78616 Borgoz the Basher (level 15, -1/147 HPs)
             Began as a Gargoyle Gladiator on May 15, 2019.
             Was a High Priest of Ashenzari.
             Slain by a lindwurm (17 damage)
             ... summoned by Kirke
             ... on level 5 of the Lair of Beasts.
             The game lasted 00:41:44 (19786 turns).

Borgoz the Basher (Gargoyle Gladiator)             Turns: 19786, Time: 00:41:45

Health: -1/147     AC:  0    Str: 25    XL:     15   Next: 60%
Magic:  22/22      EV: 23    Int:  8    God:    Ashenzari [*****.]
Gold:   1050       SH:  0    Dex: 16    Spells: 20/24 levels left

rFire    . . .     SeeInvis +   (weapon currently unavailable)
rCold    . . .     Gourm    .   (shield currently unavailable)
rNeg     + . .     Faith    .   (armour currently unavailable)
rPois    ∞         Spirit   .   (helmet currently unavailable)
rElec    .         Reflect  .   (cloak currently unavailable)
rCorr    .         Harm     .   (gloves currently unavailable)
MR       +....     Clarity  +   (boots currently unavailable)
Stlth    ..........             x - amulet of rage
HPRegen  0.34/turn              (ring currently unavailable)
MPRegen  0.18/turn              (ring currently unavailable)

@: berserking, pig-form, flying, slowed, very quick
A: small, negative energy resistance 1, petrification resistance, rot immunity,
AC +11
a: Curse Item, Scrying, Transfer Knowledge, Renounce Religion, Evoke Berserk
Rage


You were on level 5 of the Lair of Beasts.
You worshipped Ashenzari.
Ashenzari was extremely pleased with you.
You were very hungry.
You were a filthy swine.
You visited 3 branches of the dungeon, and saw 21 of its levels.
You also visited: Ice Cave.

You collected 1050 gold pieces.

Inventory:

Hand Weapons
 a - a +3 great mace of flaming (melded)
 b - a +0 whip of electrocution
 d - the +7 war axe of Honour {freeze, rElec rPois Dex+5}
   (You found it on level 2 of the Lair of Beasts)

   It has been specially enchanted to freeze those struck by it, causing extra
   injury to most foes and up to half again as much damage against particularly
   susceptible opponents.
   It can also slow down cold-blooded creatures.
   It affects your dexterity (+5).
   It insulates you from electricity.
   It protects you from poison.
Missiles
 y - 2 throwing nets (quivered)
Armour
 v - a +0 pair of gloves (melded)
 z - a +1 scale mail of magic resistance
 D - a +1 pair of boots (melded)
 E - a +3 scale mail of fire resistance
 M - a +3 troll leather armour {Snorg}
 Q - the +5 chain mail of Pessimism (melded) {Dex+2 SInv}
   (You found it on level 13 of the Dungeon)

   It affects your dexterity (+2).
   It lets you see invisible.
Jewellery
 c - an uncursed ring of protection from fire
 i - a ring of protection from fire (melded)
 l - an uncursed amulet of regeneration
 o - an uncursed ring of positive energy
 p - an uncursed amulet of harm
 x - an amulet of rage (around neck)
 B - an uncursed amulet of the gourmand
 J - a +4 ring of strength (melded)
 L - a cursed ring of resist corrosion
 S - an uncursed ring of protection from cold
Wands
 e - a wand of disintegration (31)
 k - a wand of iceblast (26)
 t - a wand of scattershot (1)
 u - a wand of enslavement (16)
 F - a wand of paralysis (8)
 H - a wand of acid (6)
 N - a wand of clouds (4)
Scrolls
 g - 10 scrolls of teleportation
 h - 10 scrolls of identify
 n - 9 scrolls of enchant armour
 r - 6 scrolls of blinking
 s - a scroll of fog
 w - 2 scrolls of amnesia
 G - 5 scrolls of remove curse
 O - a scroll of magic mapping
Potions
 m - 4 potions of cancellation
 q - 2 potions of resistance
 A - 6 potions of curing
 C - 2 potions of heal wounds
 I - 4 potions of haste
 K - a potion of might
 P - a potion of mutation {unknown}
 R - 2 potions of invisibility
Comestibles
 f - 34 rations


   Skills:
 * Level 13.0 Fighting
 * Level 13.9 Maces & Flails
 - Level 1.7 Throwing
 * Level 12.7 Armour
 * Level 10.5 Dodging
 - Level 5.0 Stealth
 - Level 5.0 Spellcasting
 - Level 5.0 Hexes
 + Level 7.1 Evocations


You had 20 spell levels left.
You knew the following spells:

 Your Spells              Type           Power        Failure   Level  Hunger
a - Confusing Touch       Hex            ##....       3%          1    #......
b - Confuse               Hex            ##......     10%         3    ###....

Your spell library contained the following spells:

 Spells                   Type           Power        Failure   Level  Hunger
 Animate Skeleton         Necr           N/A          26%         1    #......
 Apportation              Tloc           #.....       26%         1    #......
 Beastly Appendage        Tmut           #.....       26%         1    #......
 Pain                     Necr           #...         26%         1    #......
 Summon Small Mammal      Summ           #...         26%         1    #......
 Sticks to Snakes         Tmut           #.......     36%         2    ##.....
 Gell's Gravitas          Tloc           #.........   61%         3    ###....
 Regeneration             Chrm/Necr      #.........   61%         3    ###....
 Spider Form              Tmut/Pois      #.........   61%         3    ###....
 Vampiric Draining        Necr           #.........   61%         3    ###....
 Animate Dead             Necr           N/A          95%         4    #####..
 Ice Form                 Ice/Tmut       #.......     95%         4    #####..
 Petrify                  Tmut/Erth      #.......     95%         4    #####..
 Metabolic Englaciation   Hex/Ice        #.........   95%         5    ######.
 Yara's Violent Unravell  Hex/Tmut       #.........   95%         5    ######.
 Blade Hands              Tmut           #.........   100%        5    ######.
 Irradiate                Conj/Tmut      #.........   100%        5    ######.
 Hydra Form               Tmut           #.........   100%        6    #######
 Dragon Form              Tmut           #.........   100%        7    #######
 Statue Form              Tmut/Erth      Unusable     N/A         6    N/A

Dungeon Overview and Level Annotations

Branches:
Dungeon (15/15)            Temple (1/1) D:4            Lair (5/6) D:9
  Swamp (0/4) Lair:2        Snake (0/4) Lair:4        Slime (0/5) Lair:5
    Orc (0/2) D:12         Vaults (0/5) D:13         Depths (0/5) D:15

Altars:
Ashenzari
Cheibriados
Dithmenos
Elyvilon
Fedhas
Gozag
Hepliaklqana
Kikubaaqudgha
Makhleb
Nemelex Xobeh
Okawaru
Qazlal
Ru
Sif Muna
Trog
Uskayaw
Vehumet
Wu Jian
Xom
Yredelemnul
Zin
The Shining One
Jiyva

Shops:
D:10 %   D:14 ?

Portals:
Trove: D:14 (give 17 scrolls of identify)

Annotations:
Lair:5 Kirke


Innate Abilities, Weirdness & Mutations

You are resistant to torment.
((Your stone body is resilient. (AC +11)))
You are immune to poison.
((Your large and strong wings let you fly indefinitely.))
You resist negative energy. (rN+)
((You are resistant to electric shocks. (rElec)))
((You can survive without breathing.))
You are immune to petrification.
You are immune to rotting.


Message History

The blink frog blinks!
Kirke points at you and mumbles some strange words.
You feel yourself slow down.
You bite Kirke!
Kirke is almost dead.
The blink frog closely misses you. The lindwurm bites you!
* * * LOW HITPOINT WARNING * * *
The lindwurm misses you. The lindwurm claws you!
* * * LOW HITPOINT WARNING * * *
The blink frog blinks!
The crocodile barely misses you. Kirke hits you!
* * * LOW HITPOINT WARNING * * *
You are too berserk!
You are too berserk!
Unknown command.
You are too berserk!
Okay, then.
You completely miss Kirke.
Kirke is almost dead.
The blink frog misses you. The lindwurm bites you!
You die...

, * * $...!, , ,* .....*
*...#,# * ** * ,....## ###
..# .# *
......########.###..#..## **
. #..PPP#.#.##.#.†...h... ,
###.....................#, ,
.##...P.#.....P.hh%.#...# ,
###....###..#.{#t###.F... ,
.#......##.##{{#h#,, .... **
, .....[........h@Fk§.....#
*,, ,
....###....##.##..#.P....***
, ...## ##...P#######,....<
,, ....# #.....# , P.. , ≈
.#..# ##...## {∆.. ≈ ≈ ....#
#.#.# , ., ≈ ...##**##..# *
** ,, , ....* , ..., * ,,, ≈
≈


You could see Kirke (invisible), a lindwurm, 3 hogs, a blink frog and a
crocodile.

Vanquished Creatures
  Jorgrun (D:13)
  A frost giant (IceCv)
  Snorg (D:13)
  A fire dragon (D:15)
  Harold (D:11)
  8 vault guards (D:13)
  7 hydras
  3 centaur warriors
  3 two-headed ogres
  Sonja (Lair:1)
  Nergalle (Lair:3)
  4 skeletal warriors (D:14)
  A slime creature (D:15)
  A fire crab (shapeshifter) (D:15)
  A deep troll (shapeshifter) (D:15)
  4 unseen horrors
  A glowing orange brain (D:15)
  Pikel (D:8)
  2 orc knights
  2 deep elf magi (D:15)
  8 ugly things
  4 cyclopes
  6 black mambas
  A gargoyle (D:10)
  Joseph (D:7)
  2 komodo dragons
  6 spiny frogs
  An efreet (D:15)
  A rime drake (Lair:3)
  6 trolls
  3 meliai (D:15)
  A troll (shapeshifter) (D:13)
  A meliai (shapeshifter) (D:15)
  22 polar bears
  A harpy skeleton (D:15)
  Grinder (D:4)
  3 blink frogs (Lair:2)
  13 dream sheep (Lair:4)
  8 hippogriffs
  2 meliai zombies
  3 vampires
  50 yaks
  4 wyverns
  A human (D:8)
  Sigmund (D:6)
  A fire bat (D:5)
  Grum (D:9)
  8 hogs
  A wraith (D:15)
  2 hungry ghosts
  12 vampire mosquitoes
  2 basilisks
  A basilisk (shapeshifter) (D:14)
  A warg (D:15)
  10 water moccasins
  6 porcupines
  A soldier ant (D:14)
  Duvessa (D:4)
  4 sky beasts
  4 slaves (D:8)
  15 orc warriors
  A phantom (D:5)
  2 ice beasts
  2 necrophages
  An eye of draining (D:13)
  7 ogres
  9 crocodiles
  25 wolves
  16 centaurs
  4 big kobolds
  15 bullfrogs
  5 gnoll sergeants (D:12)
  Dowan (D:4)
  9 scorpions
  2 wyvern skeletons
  15 wights
  8 crimson imps
  3 bullfrog zombies
  A quasit (D:7)
  5 centaur zombies
  5 hounds
  7 orc priests
  2 jellies
  13 orc wizards
  4 bullfrog skeletons
  4 centaur skeletons
  4 iguanas
  Natasha (twice) (D:4)
  A statue (D:4)
  11 worker ants
  2 worker ant zombies (D:10)
  Robin (D:2)
  A howler monkey skeleton (D:10)
  8 gnolls
  8 adders
  3 shadow imps
  12 white imps (D:13)
  An adder skeleton (D:10)
  8 worms
  10 leopard geckos
  70 orcs
  3 giant cockroaches
  17 goblins
  14 hobgoblins
  10 jackals
  21 kobolds
  A kobold (shapeshifter) (D:15)
  3 quokkas
  8 bats
  4 frilled lizards
  A leopard gecko zombie (D:7)
  A quokka skeleton (D:4)
  8 rats
  A fungus (Lair:1)
  A plant (Lair:1)
666 creatures vanquished.

Vanquished Creatures (others)
  An orc wizard (D:13)
  3 fungi
  11 plants
15 creatures vanquished.

Grand Total: 681 creatures vanquished

Notes
Turn   | Place    | Note
-------+----------+-------------------------------------------
     0 | D:1      | Borgoz the Gargoyle Gladiator began the quest for the Orb.
     0 | D:1      | Reached XP level 1. HP: 12/12 MP: 1/1
   162 | D:1      | Reached XP level 2. HP: 11/18 MP: 2/2
   436 | D:1      | Reached skill level 1 in Armour
   534 | D:1      | Reached XP level 3. HP: 22/22 MP: 3/3
   884 | D:2      | Noticed a centaur
   905 | D:2      | Killed a centaur
   905 | D:2      | Reached XP level 4. HP: 28/28 MP: 4/4
   905 | D:2      | Reached XP level 5. HP: 32/32 MP: 5/5
   954 | D:2      | Noticed Robin
   985 | D:2      | Killed Robin
  1824 | D:3      | Reached XP level 6. HP: 37/37 MP: 6/6
  2218 | D:3      | Reached skill level 5 in Maces & Flails
  2822 | D:4      | Found a deep blue altar of Sif Muna.
  2838 | D:4      | Noticed a porcupine
  2838 | D:4      | an orc wizard changed into a porcupine
  2839 | D:4      | a porcupine changed into a scorpion
  2840 | D:4      | Noticed a porcupine
  2840 | D:4      | a scorpion changed into a porcupine
  2936 | D:4      | Found a staircase to the Ecumenical Temple.
  2943 | Temple   | Entered the Ecumenical Temple
  2977 | Temple   | Became a worshipper of Ashenzari the Shackled
  3450 | D:4      | Found a radiant altar of Vehumet.
  3462 | D:4      | Reached XP level 7. HP: 39/43 MP: 7/7
  3529 | D:4      | Noticed Grinder
  3530 | D:4      | Paralysed by Grinder for 5 turns
  3540 | D:4      | Killed Grinder
  3621 | D:4      | Noticed Duvessa
  3622 | D:4      | Noticed Dowan
  3629 | D:4      | Killed Duvessa
  3648 | D:4      | Killed Dowan
  3682 | D:4      | Noticed Natasha
  3683 | D:4      | Killed Natasha
  3728 | D:4      | Noticed Natasha
  3733 | D:4      | Killed Natasha
  3733 | D:4      | Reached XP level 8. HP: 48/48 MP: 8/8
  3998 | D:5      | Entered Level 5 of the Dungeon
  4073 | D:5      | Reached skill level 5 in Fighting
  4250 | D:5      | Found a transporter.
  4284 | D:5      | Found a transporter.
  4634 | D:6      | Reached * piety under Ashenzari
  4711 | D:6      | Reached skill level 5 in Armour
  4719 | D:6      | Identified a scroll of acquirement
  4764 | D:6      | Reached XP level 9. HP: 55/55 MP: 9/9
  4862 | D:6      | Noticed Sigmund
  4875 | D:6      | Killed Sigmund
  5181 | D:6      | Reached skill level 5 in Dodging
  5707 | D:7      | Reached ** piety under Ashenzari
  5937 | D:7      | Noticed Joseph
  5948 | D:7      | Killed Joseph
  6649 | D:8      | Reached XP level 10. HP: 57/63 MP: 10/10
  6756 | D:8      | Reached skill level 1 in Stealth
  6998 | D:8      | Noticed Pikel
  7033 | D:8      | Killed Pikel
  7033 | D:8      | Reached skill level 1 in Evocations
  7358 | D:9      | Reached skill level 10 in Maces & Flails
  7513 | D:9      | Noticed Grum
  7530 | D:9      | Killed Grum
  7645 | D:9      | Found a burning altar of Makhleb.
  7645 | D:9      | Found a hide-covered altar of Uskayaw.
  7646 | D:9      | Found a basalt altar of Yredelemnul.
  7701 | D:9      | Found a staircase to the Lair.
  7910 | D:10     | Entered Level 10 of the Dungeon
  7922 | D:10     | Reached *** piety under Ashenzari
  7978 | D:10     | Reached XP level 11. HP: 63/68 MP: 13/13
  8329 | D:10     | Found Piont's Food Shoppe.
  8589 | D:10     | Learned a level 1 spell: Confusing Touch
  8594 | D:10     | Learned a level 3 spell: Confuse
  8864 | D:11     | Noticed Harold
  8887 | D:11     | Killed Harold
  8896 | D:11     | Noticed a two-headed ogre
  8904 | D:11     | Killed a two-headed ogre
  9047 | D:11     | Reached skill level 1 in Spellcasting
  9052 | D:11     | Reached skill level 1 in Hexes
  9169 | D:11     | Noticed an unseen horror
  9175 | D:11     | Killed an unseen horror
  9355 | D:11     | Reached skill level 5 in Stealth
  9420 | D:11     | Reached XP level 12. HP: 51/76 MP: 14/14
  9968 | Lair:1   | Entered Level 1 of the Lair of Beasts
 10196 | Lair:1   | Noticed Sonja
 10209 | Lair:1   | Killed Sonja
 10353 | Lair:1   | Noticed a seven-headed hydra
 10365 | Lair:1   | Killed a seven-headed hydra
 10649 | Lair:1   | Noticed a seven-headed hydra
 10654 | Lair:1   | Killed a seven-headed hydra
 10658 | Lair:1   | Reached skill level 10 in Fighting
 10663 | Lair:1   | Reached **** piety under Ashenzari
 11591 | D:12     | Noticed a two-headed ogre
 11600 | D:12     | Killed a two-headed ogre
 11682 | D:12     | Found a staircase to the Orcish Mines.
 11702 | D:12     | Reached XP level 13. HP: 60/82 MP: 17/17
 12014 | D:12     | Reached skill level 10 in Armour
 12279 | D:13     | Reached skill level 5 in Evocations
 12301 | D:13     | Noticed Snorg
 12309 | D:13     | Killed Snorg
 12387 | D:13     | Found a frozen archway.
 12473 | IceCv    | Entered an ice cave
 13139 | IceCv    | Noticed a frost giant
 13170 | IceCv    | Killed a frost giant
 13675 | D:13     | Got the uncursed chain mail of Pessimism {Dex+2 SInv}
 13686 | D:13     | Identified the +5 chain mail of Pessimism {Dex+2 SInv} (You
                  | found it on level 13 of the Dungeon)
 13735 | D:13     | Noticed Jorgrun
 13742 | D:13     | Noticed a vault guard
 13743 | D:13     | Noticed a vault guard
 13745 | D:13     | Noticed a vault guard
 13747 | D:13     | Noticed a vault guard
 13748 | D:13     | Killed Jorgrun
 13748 | D:13     | Noticed a vault guard
 13750 | D:13     | Noticed a vault guard
 13758 | D:13     | Killed a vault guard
 13758 | D:13     | Gained mutation: Your large and strong wings let you fly
                  | indefinitely. [Gargoyle growth]
 13758 | D:13     | Reached XP level 14. HP: 81/90 MP: 20/20
 13903 | D:13     | Found a gate to the Vaults.
 14253 | D:14     | Found a shimmering altar of Xom.
 14293 | D:14     | Found Efunun's Magic Scroll Shoppe.
 14853 | D:14     | Found a portal to a secret trove of treasure.
 14923 | D:14     | Reached ***** piety under Ashenzari
 15048 | D:14     | Reached skill level 5 in Spellcasting
 15256 | D:14     | Got the cursed robe of Sin {rF+ rC+}
 15290 | D:15     | Entered Level 15 of the Dungeon
 15295 | D:15     | Reached skill level 5 in Hexes
 16418 | D:15     | Reached XP level 15. HP: 87/97 MP: 22/22
 16434 | D:15     | Found a staircase to the Depths.
 16454 | D:15     | Reached skill level 10 in Dodging
 16734 | D:15     | Found a snail-covered altar of Cheibriados.
 16927 | Lair:2   | Got the war axe of Honour {freeze, rElec rPois Dex+5}
 16964 | Lair:2   | Got the uncursed helmet of Follow the Leader {+Inv rElec
                  | Str-3 Dex+4}
 16975 | Lair:2   | Identified the +2 helmet of Follow the Leader {+Inv rElec
                  | Str-3 Dex+4} (You found it on level 2 of the Lair of
                  | Beasts)
 17361 | Lair:2   | Found a staircase to the Swamp.
 17652 | Lair:3   | Noticed Nergalle
 17658 | Lair:3   | Killed Nergalle
 18759 | Lair:4   | Found a staircase to the Snake Pit.
 19337 | Lair:5   | Found a viscous altar of Jiyva.
 19337 | Lair:5   | Found a staircase to the Slime Pits.
 19747 | Lair:5   | Noticed Kirke
 19786 | Lair:5   | Slain by a lindwurm

Skill      XL: |  1  2  3  4  5  6  7  8  9 10 11 12 13 14 15 |
---------------+----------------------------------------------+-----
Armour         | 1 2 3 4 5 6 7 8 9 11 12 | 12.7
Fighting       | 3 4 5 7 8 9 10 11 12 13 | 13.0
Maces & Flails | 4 5 6 7 9 10 11 12 13 | 13.9
Dodging        | 3 4 5 6 7 8 9 10 | 10.5
Stealth        | 3 5 |  5.0
Evocations     | 2 3 4 5 6 7 |  7.1
Spellcasting   | 1 3 4 5 |  5.0
Hexes          | 1 3 4 5 |  5.0
Throwing       | |  1.7

Action                   |  1- 3 |  4- 6 |  7- 9 | 10-12 | 13-15 || total
-------------------------+-------+-------+-------+-------+-------++-------
Melee: Flail             |    99 |    73 |       |       |       ||   172
       Great mace        |       |   145 |   283 |   671 |  1085 ||  2184
       Unarmed           |       |       |       |       |     8 ||     8
Throw: Throwing net      |     3 |       |       |     1 |     1 ||     5
Invok: Curse Item        |       |       |       |     2 |       ||     2
 Abil: Evoke Berserk Rag |       |       |       |     1 |     2 ||     3
       Fly               |       |       |       |       |     1 ||     1
Evoke: Wand              |       |     7 |       |     4 |     4 ||    15
  Use: Scroll            |     3 |     6 |     4 |     8 |     8 ||    29
       Potion            |     1 |     7 |       |     2 |     6 ||    16
 Stab: Paralysed         |       |       |       |     3 |       ||     3
       Sleeping          |       |       |       |     2 |     2 ||     4
       Invisible         |       |       |       |       |     6 ||     6
  Eat: Chunk             |       |     9 |    10 |    19 |    22 ||    60
       Ration            |       |       |       |     2 |     2 ||     4
Armor: Leather armour    |    44 |       |       |       |       ||    44
       Chain mail        |    29 |   168 |   274 |   108 |   925 ||  1504
       Skin              |       |    63 |       |       |       ||    63
       Scale mail        |       |       |       |   349 |    80 ||   429
       Troll leather arm |       |       |       |       |     3 ||     3
Dodge: Dodged            |    84 |   115 |   205 |   617 |  1201 ||  2222
